 Dungeon Crawl Stone Soup version 0.30-a0-852-g08b95dd62f (webtiles) character file.

Game seed: 840764844852430860

307 demibob the Stinger (level 6, -3/42 (43) HPs)
             Began as a Demonspawn Wanderer on Mar 4, 2023.
             Slain by a wight
             ... wielding a +0 dagger
              (8 damage)
             ... on level 4 of the Dungeon.
             The game lasted 00:06:59 (2845 turns).

demibob the Stinger (Demonspawn Wanderer)           Turns: 2845, Time: 00:06:59

HP:   -3/42 (43)    AC:  3    Str: 13    XL:     6   Next: 16%
MP:   9/9           EV: 10    Int: 18    God:
Gold: 169           SH:  0    Dex: 11    Spells: 2/9 levels left

rFire   . . .      SeeInvis .    a - +2 quarterstaff (venom)
rCold   . . .      Faith    .    (shield currently unavailable)
rNeg    . . .      Spirit   .    n - +0 leather armour
rPois   .          Reflect  .    (helmet restricted)
rElec   .          Rampage  .    (no cloak)
rCorr   .                        (no gloves)
Will    .....                    (no boots)
Stlth   +                        (no amulet)
HPRegen 0.27/turn                L - ring of flight
MPRegen 0.11/turn                (no ring)

@: flying, lightly drained
A: horns 2, big brain 1, demonic magic 1
a: no special abilities


You were on level 4 of the Dungeon.
You visited 1 branch of the dungeon, and saw 4 of its levels.

You collected 169 gold pieces.


Innate Abilities, Weirdness & Mutations

You have a pair of horns on your head.
You have an unusually large brain. (Int +2)
Spells you cast may paralyse adjacent enemies.


   Skills:
 - Level 1.0 Fighting
 * Level 5.0 Staves
 - Level 1.0 Armour
 - Level 2.0 Spellcasting
 + Level 1.3 Conjurations
 - Level 2.1 Transmutations
 + Level 0.4 Fire Magic
 - Level 5.0 Poison Magic


You had 2 spell levels left.
You knew the following spells:

 Your Spells              Type           Power      Damage    Failure   Level
m - Mephitic Cloud        Conj/Pois/Air  9%         N/A       28%         3
z - Sting                 Tmut/Pois      56%        1d5       5%          1
X - Ignite Poison         Fire/Tmut/Pois 11%        N/A       24%         3

Your spell library contained the following spells:

 Spells                   Type           Power      Damage    Failure   Level
 Shock                    Conj/Air       16%        1d4       17%         1
 Ensorcelled Hibernation  Hex/Ice        2%         N/A       34%         2
 Spider Form              Tmut/Pois      14%        N/A       16%         3
 Kindle Blastsparks       Fire/Tloc/Air  4%         2d10      54%         3
 Call Canine Familiar     Summ           1%         N/A       56%         3
 Portal Projectile        Hex/Tloc       2%         N/A       56%         3
 Swiftness                Air            1%         N/A       56%         3
 Airstrike                Air            0%         2d(1-17)  92%         4
 Anguish                  Hex/Necr       0%         N/A       92%         4
 Leda's Liquefaction      Hex/Erth       0%         N/A       92%         4
 Freezing Cloud           Conj/Ice/Air   1%         6-21      99%         5

Inventory:

Hand Weapons
 a - a +2 quarterstaff of venom (weapon)
Armour
 k - the +6 chain mail of Dael {rPois rF+ Regen+}
   (You found it on level 2 of the Dungeon)

   rF:        It protects you from fire.
   rPois:     It protects you from poison.
   Regen:     It increases your rate of health regeneration.
 n - a +0 leather armour (worn)
Jewellery
 L - a ring of flight (left hand)
Scrolls
 b - 2 scrolls of fog
 d - 4 scrolls of identify {@r1}
 e - a scroll of enchant weapon
Potions
 c - 5 potions of degeneration
 g - a potion of ambrosia
 i - 3 potions of attraction
 j - a potion of berserk rage {unknown}
 m - a potion of magic {unknown}

Dungeon Overview and Level Annotations

Branches:
Dungeon (4/15)
 Temple: D:4-7

Altars:
Qazlal

Shops:
D:2

[ #.## ####..### #..#
#....## # .......
#..#####....#### .......
#.....##........ .......
##.###.#.....#### .......
#..# #.#.....# ......z
#.####.#....## ##
......z####.##.......## ##.
#......#zz@..........####..
#....))z...#..♣♣P....)...
....#####......PP♣♣...###.#
. #.......♣♣♣...).##.#
....###........#....#
####.# #...♣....###... #..
P...P.#... .... #..
.♣P........#.. #..
♣♣P..........


You could see 3 wights.


Message History

The wight barely misses you.
You hit the wight.
The wight is severely damaged.
The wight closely misses you.
You hit the wight.
The wight is almost destroyed.
You sock the wight!
You destroy the wight!
Your life force feels restored.
Your Staves skill increases to level 5!
You have reached level 6!
Your demonic ancestry asserts itself...
The horns on your head grow some more.
You closely miss the wight. The wight hits you with a +0 dagger.
You feel drained.
You hit the wight. Your headbutt misses the wight.
The wight is moderately damaged.
The wight hits you with a +3 hand axe!
* * * LOW HITPOINT WARNING * * *
The wight barely misses you.
You are too injured to fight recklessly!
You hit the wight.
The wight is lightly damaged.
The wight hits you with a +3 hand axe!
* * * LOW HITPOINT WARNING * * *
The wight hits you but does no damage. The wight barely misses you.
The wight attacks as you move away! The wight misses you.
The wight attacks as you move away! The wight hits you with a +0 dagger!
You die...

Skill      XL: |  1  2  3  4  5 |
---------------+----------------+-----
Staves         | 3 4 5 |  5.0
Transmutations | 1 2 |  2.1
Armour         | 1 |  1.0
Spellcasting   | 2 |  2.0
Conjurations   | 1 |  1.3
Fighting       | |  1.0
Fire Magic     | |  0.4
Poison Magic   | |  5.0

Action                     |  1- 3 |  4- 6 || total
---------------------------+-------+-------++-------
  Melee: Quarterstaff      |    87 |   129 ||   216
         Headbutt          |       |    20 ||    20
   Cast: Mephitic Cloud    |       |     1 ||     1
    Use: Scroll            |       |    12 ||    12
         Potion            |       |     2 ||     2
   Stab: Sleeping          |       |     1 ||     1
         Confused          |       |     1 ||     1
 Armour: Robe              |    15 |       ||    15
         Chain mail        |    11 |     2 ||    13
         Leather armour    |       |    39 ||    39
  Dodge: Dodged            |    52 |    79 ||   131

Levels and vault maps discovered:
D:1:      minmay_arrival_shattered_statue, layout_rooms
D:2:      layout_basic, serial_rivers, chequers_serial_rivers_small_b,
          chequers_serial_rivers_small_3, chequers_serial_rivers_large_a,
          chequers_serial_rivers_micro_d, serial_shops, nicolae_lakefront_shop,
          basic_altar
D:3:      layout_loops_ring
D:4:      layout_rooms, overflow_temple_1_default, minmay_temple_entry_fiery,
          serial_forest, infiniplex_forest_join, infiniplex_forest_clump_small,
          infiniplex_forest_lined_4_way, infiniplex_forest_clump_double,
          infiniplex_forest_straight_3, kennysheep_generic_room_16

Notes
Turn   | Place    | Note
-------+----------+-------------------------------------------
     0 | D:1      | demibob the Demonspawn Wanderer began the quest for the
                  | Orb.
     0 | D:1      | demibob set off with the following items: a +1
                  | quarterstaff, a scroll of fog, a +0 robe; and the following
                  | spell memorised: Sting; and the following spells available
                  | to memorise: Spider Form, Mephitic Cloud.
     0 | D:1      | Reached XP level 1. HP: 15/15 MP: 2/2
   137 | D:1      | Reached skill level 3 in Staves
   146 | D:1      | Gained mutation: Spells you cast may paralyse adjacent
                  | enemies. [demonic ancestry]
   146 | D:1      | Reached XP level 2. HP: 9/21 MP: 3/3
   149 | D:1      | Reached skill level 1 in Transmutations
   549 | D:1      | Reached XP level 3. HP: 21/26 MP: 4/4
   553 | D:1      | Learned a level 3 spell: Mephitic Cloud
   656 | D:2      | Found a stormy altar of Qazlal.
   678 | D:2      | Identified the +6 chain mail of Dael {rPois rF+ Regen+}
   718 | D:2      | You fall into a shaft and drop 2 floors!
   781 | D:3      | Gained mutation: You have a pair of small horns on your
                  | head. [demonic ancestry]
   781 | D:3      | Reached XP level 4. HP: 29/32 MP: 5/5
   824 | D:2      | Reached skill level 1 in Armour
   853 | D:2      | Found Tuth's Armour Boutique.
  1300 | D:2      | Reached skill level 4 in Staves
  1816 | D:3      | Reached skill level 2 in Transmutations
  1816 | D:3      | Gained mutation: You have an unusually large brain. (Int
                  | +2) [demonic ancestry]
  1816 | D:3      | Reached XP level 5. HP: 17/37 MP: 7/7
  2001 | D:3      | Identified the +4 chain mail of the Pure Spreadsheets {rC++
                  | rN+ MP+9 Dex-4}
  2694 | D:4      | Reached skill level 2 in Spellcasting
  2694 | D:4      | Reached skill level 1 in Conjurations
  2832 | D:4      | Learned a level 3 spell: Ignite Poison
  2840 | D:4      | Reached skill level 5 in Staves
  2840 | D:4      | Gained mutation: You have a pair of horns on your head.
                  | [demonic ancestry]
  2840 | D:4      | Reached XP level 6. HP: 25/43 MP: 9/9
  2845 | D:4      | Slain by a wight

Vanquished Creatures
  2 wights (D:4)
  An orc priest (D:3)
  3 gnolls (D:3)
  5 adders
  A worm (D:3)
  2 dart slugs
  8 orcs
  11 bats
  5 endoplasms
  2 giant cockroaches (D:3)
  7 goblins
  9 hobgoblins
  3 jackals (D:1)
  5 kobolds
  A quokka (D:2)
  5 ball pythons
  5 frilled lizards
  6 rats
81 creatures vanquished.

Vanquished Creatures (others)
  3 plants (D:4)
3 creatures vanquished.

Grand Total: 84 creatures vanquished

Table legend: (Time is in decaauts)
 A = Elapsed time spent in this place.
 B = Non-inter-level travel time spent in this place.
 C = Inter-level travel time spent in this place.
 D = Time resting spent in this place.
 E = Time spent auto-exploring this place.
 F = Levels seen in this place.
 G = Mean time per level.
                   A        B        C        D        E       F      G
               +--------+--------+--------+--------+--------+-----+--------+
         Total |   2869 |   2760 |    109 |    456 |   1682 |   4 |  717.2 |
       Dungeon |   2869 |   2760 |    109 |    456 |   1682 |   4 |  717.2 |
               +--------+--------+--------+--------+--------+-----+--------+

Top non-repeatable levels by time:
     D:2: 1035 daAuts
     D:3: 790 daAuts
     D:1: 706 daAuts
     D:4: 336 daAuts

Table legend:
 A = Non-vault XP
 B = Vault XP
 C = Vault XP percentage of total XP
 D = Non-vault monster count
 E = Vault monster count
 F = Vault count percentage of total count
                 A         B        C        D         E       F
            +---------+---------+-------+---------+---------+-------
      Total |     439 |       0 |   0.0 |      81 |       0 |   0.0
            +---------+---------+-------+---------+---------+-------
        D:1 |      41 |       0 |   0.0 |      24 |       0 |   0.0
        D:2 |      57 |       0 |   0.0 |      20 |       0 |   0.0
        D:3 |     154 |       0 |   0.0 |      26 |       0 |   0.0
        D:4 |     187 |       0 |   0.0 |      11 |       0 |   0.0
            +---------+---------+-------+---------+---------+-------
